Map: 赛博森林-天梯版

Players

Toodming - Winner!

  • Race: Zerg Zerg
  • League: Gold

yohilo

  • Race: Terran Terran
  • League: Silver

Event: WESG 2018 Grand Finals

VOD

Have the link to the VOD?

Description

Time

  • Played on: March 12, 2019, 3:37 a.m.
  • Length: 5:04

All games in this series

Show
View Real Time Build Order
Export as new Build Order

Toodming Zerg - Winner!

Build Orders: Pool First 

Get SALT Encoding   

  12  0:00  Drone  
  13  0:12  Overlord  
  13  0:17  Drone  
  14  0:31  Drone x2  
  16  0:43  Spawning Pool  
  16  0:44  Drone  
  16  0:48  Drone  
  17  1:09  Hatchery  
  16  1:11  Drone  
  17  1:25  Extractor  
  16  1:29  Zergling x6  
  16  1:32  Queen  
  21  1:40  Overlord  
  21  1:51  Drone  
  22  1:57  Roach Warren  
  21  2:03  Drone  
  21  2:08  Queen  
  24  2:15  Drone  
  26  2:22  Drone  
  26  2:24  Drone  
  27  2:37  Roach  
  27  2:38  Roach  
  27  2:42  Roach  
  33  2:48  Drone x3  
  36  3:03  Metabolic Boost  
  36  3:08  Overlord  
  36  3:19  Hatchery  
  35  3:24  Drone  
  37  3:27  Drone x2  
  37  3:29  Drone  
  39  3:40  Drone x2  
  40  3:41  Drone  
  40  3:44  Drone  
  40  3:46  Drone  
  40  3:48  Overlord  
  41  3:50  Ravager x2  
  43  4:00  Overlord  
  43  4:13  Zergling x12  
  43  4:16  Ravager  
  50  4:24  Overlord, Zergling x2  
  50  4:25  Zergling x8  
  55  4:34  Overlord  
  55  4:35  Zergling x4  
  57  4:44  Zergling x6  
Show
View Real Time Build Order
Export as new Build Order

yohilo Terran 

Build Orders:  

Get SALT Encoding   

  12  0:00  SCV  
  13  0:13  SCV  
  14  0:18  Supply Depot  
  14  0:22  Supply Depot  
  14  0:27  SCV  
  15  0:43  SCV  
  15  0:44  Barracks  
  16  0:51  Refinery  
  16  0:55  SCV  
  17  1:08  SCV  
  18  1:20  Barracks, SCV  
  19  1:26  Supply Depot  
  19  1:32  SCV  
  20  1:44  SCV  
  21  1:49  Barracks  
  21  1:50  Barracks  
  21  2:06  Orbital Command  
  22  2:13  Reaper  
  22  2:27  Command Center  
  22  2:41  Marine  
  22  2:42  Marine  
  24  2:45  Marine  
  24  2:47  Refinery  
  24  2:51  SCV  
  26  2:59  Marine  
  26  3:00  Marine  
  28  3:08  Command Center  
  28  3:11  Marine  
  28  3:17  Marine, SCV  
  30  3:22  Supply Depot  
  30  3:29  SCV  
  27  3:44  Marine  
  27  3:45  Marine  
  28  3:56  Marine  
  28  4:02  Marine x2  
  29  4:14  Marine  
  27  4:20  Marine x2  
  28  4:32  Marine  
  28  4:38  Marine x2  
Tags
 
Add a new tag
Caveats
  • Supply blocks, unpowered buildings, or Contaminate may cause inaccurate times.
  • Supply counts are checked every 10 seconds.